 Dungeon Crawl Stone Soup version 0.21.0-30-g47ce8e4cbb (webtiles) character file.

23 Gargoyl the Skirmisher (level 2, -1/26 HPs)
             Began as a Centaur Abyssal Knight on Jan 29, 2018.
             Was a Follower of Lugonu.
             Slain by Sigmund
             ... wielding a cursed +0 scythe
              (7 damage)
             ... on level 2 of the Dungeon.
             The game lasted 00:02:25 (1361 turns).

Gargoyl the Skirmisher (Centaur Abyssal Knight)     Turns: 1361, Time: 00:02:25

Health: -1/26      AC:  6    Str: 14    XL:     2   Next: 75%
Magic:  3/3        EV: 12    Int:  9    God:    Lugonu [*.....]
Gold:   56         SH:  0    Dex: 13    Spells: 1/1 levels left

rFire    + . .     SeeInvis .   a - +1 hand axe
rCold    . . .     Gourm    .   (no shield)
rNeg     . . .     Faith    .   d - +0 scale mail
rPois    .         Spirit   .   (no helmet)
rElec    .         Reflect  .   (no cloak)
rCorr    .         Harm     .   (no gloves)
MR       +....                  (no barding)
Stlth    +.........             (no amulet)
HPRegen  0.08/turn              e - ring of protection from fire
MPRegen  0.08/turn              j - ring of protection from magic

@: agile, very slightly contaminated, invisible, very quick
A: large, hooves 3, blurry vision 1, deformed body, dopey 1, speed 2, tough skin
3
a: Depart the Abyss, Renounce Religion


You were on level 2 of the Dungeon.
You worshipped Lugonu.
Lugonu was aware of your devotion.
You were hungry.

You visited 1 branch of the dungeon, and saw 2 of its levels.
You visited the Abyss 1 time.

You collected 56 gold pieces.

Inventory:

Hand Weapons
 a - a +1 hand axe (weapon)
Armour
 d - a +0 scale mail (worn)
Jewellery
 e - a ring of protection from fire (left hand)
 i - a +4 amulet of reflection {unknown}
 j - a ring of protection from magic (right hand)
Scrolls
 h - a scroll of remove curse
 l - a scroll of identify {unknown}
Comestibles
 c - 3 rations


   Skills:
 + Level 3.4 Fighting
 + Level 1.8 Axes
 * Level 1.8 Armour
 + Level 0.6 Dodging
 * Level 2.5 Invocations


You had one spell level left.
You didn't know any spells.

Dungeon Overview and Level Annotations

Branches:
Dungeon (2/15)

Altars:
Nemelex Xobeh

Annotations:
D:2 Sigmund


Innate Abilities, Weirdness & Mutations

You have hooves in place of feet.
Armour fits poorly on your strangely shaped body.
You cover ground very quickly.
You have extremely tough skin. (AC +3)
Scrolls take you a little longer to read.
You are dopey. (Int -2)


Message History

You hit Sigmund.
Sigmund is heavily wounded.
Sigmund hits you but does no damage.
You hit Sigmund.
Sigmund is heavily wounded.
Sigmund casts a spell at you. The puff of flame hits you! You resist.
* * * LOW HITPOINT WARNING * * *
You slash Sigmund!
Sigmund is almost dead.
Sigmund barely misses you.
It was a potion of agility.
You feel agile all of a sudden.
You closely miss Sigmund. You kick Sigmund.
Sigmund is almost dead.
Sigmund completely misses you.
You hit Sigmund. You kick Sigmund, but do no damage.
Sigmund is almost dead.
Sigmund hits you with a scythe!
You die...

.# #. # P #. .# #
##.###++#.#.#
............#
#.#.(.#
#.###########.....#
#....(<.@@..#(@####
#..########.#..#
#.#K.######
#.#..##...#####
######K#..#.###.....
............##
##.... ##.####.##..#
#.### ##.###.## ##.#
#........###<.#


You could see Sigmund.

Vanquished Creatures
  A dart slug (D:1)
  A leopard gecko (D:1)
  2 bats (D:1)
  A giant cockroach (D:1)
  A hobgoblin (D:1)
  5 kobolds (D:1)
  2 frilled lizards (D:1)
  4 goblins (D:1)
  3 rats (D:1)
20 creatures vanquished.

Notes
Turn   | Place    | Note
-------+----------+-------------------------------------------
     0 | Abyss:1  | Gargoyl the Centaur Abyssal Knight began the quest for the Orb.
     0 | Abyss:1  | Reached XP level 1. HP: 19/19 MP: 2/2
    46 | Abyss:1  | Found a hazy altar of Hepliaklqana.
    56 | Abyss:1  | Noticed a neqoxec
    59 | Abyss:1  | Gained mutation: You are dopey. (Int -2) [a neqoxec]
    60 | Abyss:1  | Gained mutation: Scrolls take you a little longer to read. [a neqoxec]
    73 | Abyss:1  | Noticed a guardian serpent
    78 | Abyss:1  | Noticed an orange demon
    83 | D:1      | Escaped the Abyss
   271 | D:1      | Reached * piety under Lugonu
   271 | D:1      | Reached XP level 2. HP: 22/26 MP: 3/3
   563 | D:1      | Found a sparkling altar of Nemelex Xobeh.
  1027 | D:2      | Noticed Sigmund
  1361 | D:2      | Slain by Sigmund

Action                   || total
-------------------------++-------
Melee: Hand axe          ||    69
       Kick              ||     8
Invok: Depart the Abyss  ||     1
  Use: Potion            ||     4
       Scroll            ||     2
 Stab: Invisible         ||     1
Armor: Scale mail        ||    48
Dodge: Dodged            ||    36
